 Dungeon Crawl Stone Soup version 0.21-a0-582-g1b93aee (webtiles) character file.

158959 Ketzopolo the Convoker (level 16, -3/136 HPs)
             Began as a Black Draconian Fire Elementalist on Dec 19, 2017.
             Was a High Priest of Vehumet.
             Slain by a demonic crawler (8 damage)
             ... on level 1 of the Spider Nest.
             The game lasted 03:58:24 (58994 turns).

Ketzopolo the Convoker (DrFE)                      Turns: 58994, Time: 03:58:25

Health: -3/136     AC: 13    Str: 12    XL:     16   Next: 88%
Magic:  48/48      EV:  8    Int: 29    God:    Vehumet [*****.]
Gold:   975        SH:  0    Dex: 12    Spells: 8/41 levels left

rFire    . . .     SeeInvis .   a - staff of power
rCold    + . .     Gourm    .   A - +0 buckler
rNeg     . . .     Faith    .   (armour unavailable)
rPois    .         Spirit   .   L - +0 hat
rElec    +         Reflect  +   s - +0 cloak of Yniy {Int+4}
rCorr    .         Harm     .   q - +2 pair of gloves {archery}
MR       .....                  (no boots)
Stlth    ++........             n - +3 amulet of reflection
HPRegen  0.32/turn              U - +4 ring of intelligence
MPRegen  0.31/turn              S - ring of protection from cold

@: lethally poisoned (-3 -> -89), short of breath, vulnerable, flying, held
A: breathe lightning, unfitting armour, big wings, electricity resistance,
cold-blooded, AC +9
}: 1/15 runes: decaying
a: Breathe Lightning, Stop Flying, Renounce Religion


You were on level 1 of the Spider Nest.
You worshipped Vehumet.
Vehumet was extremely pleased with you.
You were not hungry.

You visited 6 branches of the dungeon, and saw 29 of its levels.

You collected 2670 gold pieces.
You spent 1695 gold pieces at shops.

Inventory:

Missiles
 o - 5 throwing nets
Armour
 q - a +2 pair of gloves of archery (worn)
 s - the +0 cloak of Yniy (worn) {Int+4}
   (You found it on level 4 of the Dungeon)

   It affects your intelligence (+4).
 t - a +0 shield
 A - a +0 buckler (worn)
 L - a +0 hat (worn)
Magical Staves
 a - an uncursed staff of power (weapon)
 b - an uncursed staff of fire
Jewellery
 n - a +3 amulet of reflection (around neck)
 M - an uncursed ring of wizardry
 O - an uncursed ring of positive energy
 R - an uncursed ring of see invisible
 S - a ring of protection from cold (right hand)
 T - an uncursed ring of resist corrosion
 U - a +4 ring of intelligence (left hand)
Wands
 j - a wand of digging (16)
 B - a wand of acid (21)
 C - a wand of iceblast (14)
Scrolls
 c - 15 scrolls of remove curse
 f - 6 scrolls of magic mapping
 k - 4 scrolls of fog
 l - 3 scrolls of enchant weapon
 u - 2 scrolls of enchant armour
 w - 12 scrolls of teleportation
 D - 4 scrolls of amnesia
 G - 3 scrolls of brand weapon
 H - a scroll of summoning
 N - 3 scrolls of silence
Potions
 g - a potion of ambrosia
 h - 5 potions of heal wounds
 i - a potion of mutation
 m - 4 potions of resistance
 r - 4 potions of agility
 v - a potion of invisibility
 x - 4 potions of haste
 z - 4 potions of might
 E - a potion of berserk rage
 F - 4 potions of curing
 I - a potion of brilliance
 K - a potion of cancellation
Books
 P - a book of Power

   Spells                             Type                      Level
   a - Iskenderun's Battlesphere      Conjuration/Charms           5
   b - Venom Bolt                     Conjuration/Poison           5
   c - Bolt of Magma                  Conjuration/Fire/Earth       5
   d - Iron Shot                      Conjuration/Earth            6
   e - Orb of Destruction             Conjuration                  7
   f - Spellforged Servitor           Conjuration/Summoning        7
 Q - a book of Beasts

   Spells                             Type                      Level
   a - Summon Butterflies             Summoning                    1
   b - Call Canine Familiar           Summoning                    3
   c - Summon Ice Beast               Ice/Summoning                4
   d - Summon Mana Viper              Hexes/Summoning              5
   e - Summon Hydra                   Summoning                    7
 V - a book of Flames

   Spells                             Type                      Level
   a - Flame Tongue                   Conjuration/Fire             1
   b - Throw Flame                    Conjuration/Fire             2
   c - Conjure Flame                  Conjuration/Fire             3
   d - Inner Flame                    Hexes/Fire                   3
   e - Sticky Flame                   Conjuration/Fire             4
   f - Fireball                       Conjuration/Fire             5
Miscellaneous
 p - a phial of floods
 J - a fan of gales
 Y - a lightning rod (4/4)
Comestibles
 W - 23 rations


   Skills:
 - Level 10.9 Fighting
 - Level 8.0 Dodging
 - Level 1.7 Stealth
 * Level 5.5 Shields
 + Level 13.2 Spellcasting
 - Level 12.4 Conjurations
 - Level 16.1 Summonings
 - Level 11.6 Fire Magic
 * Level 2.4 Ice Magic
 * Level 3.0 Air Magic


You had 8 spell levels left.
You knew the following spells:

 Your Spells              Type           Power        Failure   Level  Hunger
a - Flame Tongue          Conj/Fire      #####        0%          1    None
b - Conjure Flame         Conj/Fire      ######..     1%          3    None
c - Sticky Flame          Conj/Fire      ######..     1%          4    None
d - Fireball              Conj/Fire      ######....   1%          5    #......
e - Summon Hydra          Summ           #######...   3%          7    ######.
f - Orb of Destruction    Conj           ######....   4%          7    ######.
g - Freezing Cloud        Conj/Ice/Air   ######....   10%         6    ####...


Dungeon Overview and Level Annotations

Branches:
Dungeon (15/15)            Temple (1/1) D:6            Lair (6/6) D:10
  Swamp (4/4) Lair:3       Spider (1/4) Lair:4        Slime (0/5) Lair:6
    Orc (2/2) D:12            Elf (0/3) Orc:2        Vaults (0/5) D:13
 Depths (0/5) D:15

Altars:
Ashenzari
Cheibriados
Dithmenos
Elyvilon
Fedhas
Gozag
Hepliaklqana
Kikubaaqudgha
Makhleb
Nemelex Xobeh
Okawaru
Qazlal
Ru
Sif Muna
Trog
Uskayaw
Vehumet
Wu Jian
Xom
Yredelemnul
Zin
The Shining One
Beogh

Shops:
Orc:2 }(*

Portals:
Trove: D:12 (give +4 ice dragon scales)

Annotations:
D:10 exclusion: 2 doors
Lair:6 exclusion: oklob plant, Gaball's ghost, journeyman BaFi
Swamp:3 1 transporter


Innate Abilities, Weirdness & Mutations

You can breathe wild blasts of lightning.
Your glossy black scales are hard. (AC +9)
You cannot fit into any form of body armour.
Your large and strong wings let you fly indefinitely.
You are resistant to electric shocks. (rElec)
You are cold-blooded and may be slowed by cold attacks.


Message History

The orb of electricity engulfs the demonic crawler.
The demonic crawler resists.
The demonic crawler is moderately wounded.
The orb of electricity engulfs the wolf spider.
The wolf spider is severely wounded.
The orb of electricity engulfs the tarantella.
You kill the tarantella!
Vehumet accepts your kill.
The orb of electricity engulfs the wolf spider.
You kill the wolf spider!
Vehumet accepts your kill.
Your Air Magic skill increases to level 3!
The orb of electricity engulfs the jumping spider.
The jumping spider is severely wounded.
You feel somewhat more hungry.
* * * LOW HITPOINT WARNING * * *
You feel extremely sick.
You hear an angry hiss. x6; You hear a hideous shriek!
The demonic crawler hits you!
You die...

..............
.s....... ...
%.....#...§.##
....s.......^#
........#s...#
#......s....#^#
..##.s§†s.....#
...s.ss@†§#
§....s.s....^..
.......†......#
.....#...?.....
###.^^s....#...
#......... .. .
......... #
...........##


You could see an emperor scorpion, a demonic crawler, a wolf spider, 4 jumping
spiders, a tarantella and 4 redbacks.

Vanquished Creatures
  3 thorn hunters
  Louise (Swamp:1)
  A dire elephant (Lair:6)
  The ghost of Moebius the Brawler, a journeyman TrMo of Uskayaw (Lair:4)
  Snorg (Lair:6)
  2 ogre magi (D:15)
  Harold (D:10)
  14 hydras
  3 catoblepae
  A ghost crab (Swamp:3)
  5 centaur warriors
  4 alligators
  19 two-headed ogres
  A tengu warrior (D:15)
  A death knight (D:15)
  2 death yaks (Lair:6)
  A deep troll shaman (Lair:6)
  4 orc high priests (Orc:2)
  3 skeletal warriors
  A spriggan druid (Swamp:4)
  Pikel (D:8)
  2 shambling mangroves
  12 swamp dragons
  A phantasmal warrior (D:15)
  A lindwurm (Lair:5)
  2 deep elf magi
  5 orc knights
  5 ugly things
  An orb spider (Lair:4)
  3 manticores
  4 orc sorcerers
  A cyclops (D:14)
  3 wolf spiders (Spider:1)
  5 black mambas
  9 elephants
  Joseph (D:13)
  A gargoyle (D:11)
  15 spiny frogs
  4 centaur skeletons
  12 komodo dragons
  5 rime drakes
  A freezing wraith (D:15)
  5 hornets
  2 jumping spiders
  A polar bear (Lair:6)
  8 trolls
  17 blink frogs
  14 slime creatures
  4 tyrant leeches
  A meliai zombie (D:14)
  6 bog bodies
  5 dream sheep (Lair:6)
  9 hippogriffs
  A redback (Spider:1)
  5 wyverns
  A spriggan (D:7)
  4 shadows
  2 tarantellas (Spider:1)
  A wraith (D:15)
  4 hogs
  A water elemental (D:14)
  2 fire bats (Lair:5)
  32 yaks
  A basilisk (Lair:2)
  21 vampire mosquitoes
  A steam dragon (D:10)
  21 swamp worms
  2 wargs (Orc:2)
  11 water moccasins
  3 insubstantial wisps
  A soldier ant (D:13)
  An acid dragon (D:14)
  17 swamp drakes
  9 porcupines
  4 black bears
  2 slaves
  40 orc warriors
  A necrophage (D:10)
  3 eyes of draining
  2 phantoms
  The ghost of 4thArraOfDagon the Sneak, an amateur DDEn (D:5)
  5 ice beasts
  6 sky beasts
  18 ogres
  3 boggarts (D:14)
  8 crocodiles
  6 wolves
  25 centaurs
  8 big kobolds
  24 bullfrogs
  A gnoll sergeant (Orc:1)
  10 scorpions
  19 killer bees
  5 howler monkeys
  3 wights (D:15)
  16 electric eels
  4 centaur zombies
  6 crimson imps
  3 bullfrog zombies
  8 hounds
  3 jellies
  36 orc priests
  Crazy Yiuf (D:7)
  A bullfrog skeleton (D:11)
  A gnoll shaman (D:6)
  4 iguanas
  29 orc wizards
  8 worker ants
  A killer bee zombie (D:10)
  2 hound zombies (D:7)
  A hound skeleton (D:6)
  13 gnolls
  11 adders
  6 shadow imps
  An ooze (D:1)
  5 dart slugs
  7 leopard geckos
  122 orcs
  4 giant cockroaches
  7 goblins
  13 hobgoblins
  3 jackals (D:10)
  2 quokkas
  3 ball pythons
  14 bats
  4 frilled lizards
  A giant cockroach zombie (D:6)
  A jackal zombie (D:5)
  64 kobolds
  A leopard gecko skeleton (D:4)
  2 quokka skeletons
  A rat (D:1)
  4 plants
983 creatures vanquished.

Vanquished Creatures (collateral kills)
  2 thorn hunters
  2 orc warlords (Orc:2)
  2 fire dragons (D:15)
  4 hydras
  A centaur warrior (D:14)
  3 two-headed ogres (D:15)
  2 alligators
  A skeletal warrior (D:14)
  An iron troll (D:13)
  2 swamp dragons
  A shambling mangrove (Swamp:1)
  An orc sorcerer (Orc:2)
  A spiny frog (Swamp:2)
  3 tyrant leeches
  A blink frog (Swamp:3)
  3 slime creatures (Swamp:2)
  4 bog bodies
  A wraith (D:13)
  5 vampire mosquitoes
  10 insubstantial wisps
  2 swamp worms (Swamp:3)
  An orc warrior (Orc:2)
  6 swamp drakes
  An ogre (D:15)
  A wight (D:15)
  A crimson imp (D:15)
  An orc wizard (D:14)
  A briar patch (Swamp:4)
64 creatures vanquished.

Vanquished Creatures (others)
  Kirke (Lair:6)
  A cyclops (D:14)
  A centaur (D:15)
  4 bushes
  13 fungi
  28 plants
48 creatures vanquished.

Grand Total: 1095 creatures vanquished

Notes
Turn   | Place    | Note
-------+----------+-------------------------------------------
     0 | D:1      | Ketzopolo the Draconian Fire Elementalist began the quest for the Orb.
     0 | D:1      | Reached XP level 1. HP: 14/14 MP: 3/3
   387 | D:1      | Reached XP level 2. HP: 17/20 MP: 0/5
  1041 | D:1      | Reached XP level 3. HP: 26/26 MP: 1/6
  1494 | D:2      | Learned a level 3 spell: Conjure Flame
  2349 | D:2      | Reached XP level 4. HP: 6/33 MP: 0/7
  2975 | D:3      | Noticed an earth elemental
  2977 | D:3      | Found a stormy altar of Qazlal.
  2978 | D:3      | Noticed a fire elemental
  2978 | D:3      | Noticed an air elemental
  2978 | D:3      | Noticed a water elemental
  3317 | D:3      | Reached XP level 5. HP: 26/38 MP: 1/9
  3934 | D:3      | Learned a level 4 spell: Sticky Flame
  4162 | D:3      | Reached skill level 5 in Fire Magic
  4162 | D:3      | Reached XP level 6. HP: 40/45 MP: 1/10
  4613 | D:3      | Your scales start taking on a glossy black colour.
  4613 | D:3      | Reached XP level 7. HP: 42/50 MP: 7/12
  4613 | D:3      | Gained mutation: You are resistant to electric shocks. (rElec) [Black Draconian growth]
  4834 | D:3      | Reached skill level 5 in Conjurations
  5427 | D:3      | Learned a level 5 spell: Fireball
  5748 | D:4      | Got a brightly glowing cloak
  5756 | D:4      | Identified the cursed +0 cloak of Yniy {Int+4} (You found it on level 4 of the Dungeon)
  6465 | D:5      | Entered Level 5 of the Dungeon
  6795 | D:5      | Reached XP level 8. HP: 57/57 MP: 0/14
  7254 | D:5      | Noticed 4thArraOfDagon's ghost (amateur DDEn)
  7286 | D:5      | Killed 4thArraOfDagon's ghost
  8235 | D:6      | Found a staircase to the Ecumenical Temple.
  8246 | Temple   | Entered the Ecumenical Temple
  8350 | Temple   | Became a worshipper of Vehumet
  8532 | D:6      | Reached skill level 5 in Spellcasting
  8722 | D:7      | Reached XP level 9. HP: 56/62 MP: 16/16
  8974 | D:7      | Found a runed door.
  9050 | D:7      | Found a sparkling altar of Nemelex Xobeh.
  9332 | D:7      | Reached * piety under Vehumet
  9332 | D:7      | Offered knowledge of Sting by Vehumet.
  9517 | D:7      | Found the +7 Singing Sword
  9868 | D:7      | Found an ancient bone altar of Kikubaaqudgha.
 10674 | D:7      | Noticed Crazy Yiuf
 10678 | D:7      | Killed Crazy Yiuf
 10941 | D:8      | Noticed Pikel
 11619 | D:8      | Offered knowledge of Sandblast by Vehumet.
 11628 | D:8      | Reached ** piety under Vehumet
 11706 | D:8      | Reached XP level 10. HP: 67/69 MP: 9/19
 12383 | D:8      | Killed Pikel
 12383 | D:8      | Reached skill level 10 in Fire Magic
 12996 | D:9      | Reached skill level 10 in Conjurations
 13294 | D:9      | Noticed a two-headed ogre
 13303 | D:9      | Killed a two-headed ogre
 13746 | D:10     | Entered Level 10 of the Dungeon
 14128 | D:10     | Offered knowledge of Throw Frost by Vehumet.
 14452 | D:10     | Reached XP level 11. HP: 74/74 MP: 12/21
 14616 | D:10     | Found a staircase to the Lair.
 14629 | D:10     | Reached *** piety under Vehumet
 14852 | D:10     | Noticed a cyan ugly thing
 14871 | D:10     | Killed a cyan ugly thing
 14871 | D:10     | Reached skill level 1 in Fighting
 15623 | D:10     | Noticed Harold
 15640 | D:10     | Killed Harold
 15934 | D:10     | Learned a level 7 spell: Summon Hydra
 16261 | Lair:1   | Entered Level 1 of the Lair of Beasts
 16340 | Lair:1   | Reached skill level 1 in Summonings
 16452 | Lair:1   | Offered knowledge of Ignite Poison by Vehumet.
 16587 | Lair:1   | Reached skill level 2 in Summonings
 17142 | Lair:1   | Reached skill level 3 in Summonings
 17959 | Lair:2   | Reached skill level 4 in Summonings
 18149 | Lair:2   | Noticed a catoblepas
 18191 | Lair:2   | Killed a catoblepas
 18191 | Lair:2   | Reached skill level 5 in Fighting
 18784 | Lair:2   | Reached XP level 12. HP: 76/94 MP: 18/24
 19116 | Lair:2   | Reached skill level 5 in Summonings
 19478 | Lair:3   | Reached skill level 5 in Dodging
 19671 | Lair:3   | Reached **** piety under Vehumet
 19738 | Lair:3   | Found a staircase to the Swamp.
 20018 | Lair:3   | Offered knowledge of Irradiate by Vehumet.
 20626 | Lair:4   | Reached skill level 6 in Summonings
 20632 | Lair:4   | Noticed Moebius's ghost (journeyman TrMo)
 21251 | Lair:4   | Killed Moebius's ghost
 21251 | Lair:4   | Reached skill level 7 in Summonings
 21751 | Lair:4   | Found a hole to the Spider Nest.
 22169 | Lair:5   | Reached skill level 8 in Summonings
 23113 | Lair:5   | Reached skill level 9 in Summonings
 24496 | Lair:6   | Entered Level 6 of the Lair of Beasts
 24749 | Lair:6   | Reached XP level 13. HP: 102/102 MP: 13/26
 24837 | Lair:6   | Reached skill level 10 in Spellcasting
 25005 | Lair:6   | Reached skill level 10 in Summonings
 25402 | Lair:6   | Noticed Kirke
 26217 | Lair:6   | Found a staircase to the Slime Pits.
 26234 | Lair:6   | Reached skill level 11 in Summonings
 26236 | Lair:6   | Found a radiant altar of Vehumet.
 27216 | Lair:6   | Killed Kirke
 27547 | Lair:6   | Noticed Snorg
 27555 | Lair:6   | Reached ***** piety under Vehumet
 27557 | Lair:6   | Noticed Gaball's ghost (journeyman BaFi)
 27560 | Lair:6   | Reached skill level 12 in Summonings
 28064 | Lair:6   | Killed Snorg
 28414 | Lair:6   | Noticed a dire elephant
 28459 | Lair:6   | Killed a dire elephant
 28695 | Lair:6   | HP: 3/102 [death yak (15)]
 28705 | Lair:6   | HP: 3/102 [death yak (3)]
 29877 | D:11     | Offered knowledge of Conjure Ball Lightning by Vehumet.
 31168 | D:11     | Got a fine quarterstaff {flame}
 31937 | D:12     | Gained mutation: Your large and strong wings let you fly indefinitely. [Black Draconian growth]
 31937 | D:12     | Reached XP level 14. HP: 102/110 MP: 18/29
 32109 | D:12     | Reached skill level 13 in Summonings
 32353 | D:12     | Found a portal to a secret trove of treasure.
 32655 | D:12     | Found a shimmering altar of Xom.
 32985 | D:12     | Found a staircase to the Orcish Mines.
 33164 | Orc:1    | Entered Level 1 of the Orcish Mines
 34242 | Orc:2    | Entered Level 2 of the Orcish Mines
 34456 | Orc:2    | Noticed an orc warlord
 35145 | Orc:2    | Reached skill level 14 in Summonings
 35233 | Orc:2    | Found a roughly hewn altar of Beogh.
 35237 | Orc:2    | Found Subresana's Assorted Antiques.
 36989 | Orc:2    | Found a staircase to the Elven Halls.
 37108 | Orc:2    | Killed an orc warlord
 37146 | Orc:2    | Bought 2 potions of resistance for 580 gold pieces
 37151 | Orc:2    | Found Isohiss's Weapon Shop.
 37826 | Orc:2    | Noticed an orc warlord
 37831 | Orc:2    | Killed an orc warlord
 38269 | Orc:2    | Found a roughly hewn altar of Beogh.
 38311 | Orc:2    | Found Innumnez's Gadget Boutique.
 38640 | Orc:2    | Found Kekel's Food Shop.
 39062 | D:13     | Offered knowledge of Force Lance by Vehumet.
 39498 | D:13     | Noticed Joseph
 39514 | D:13     | Killed Joseph
 39524 | D:13     | Reached skill level 15 in Summonings
 40528 | D:13     | Reached ****** piety under Vehumet
 40875 | D:13     | Found a gate to the Vaults.
 40925 | D:13     | Learned a level 4 spell: Summon Ice Beast
 40960 | D:13     | Learned a level 4 spell: Iskenderun's Mystic Blast
 41448 | D:14     | Reached XP level 15. HP: 118/118 MP: 17/30
 41914 | D:14     | Offered knowledge of Lee's Rapid Deconstruction by Vehumet.
 42819 | D:14     | Found Nehadyng's Food Boutique.
 43617 | D:14     | Learned a level 7 spell: Orb of Destruction
 43928 | D:15     | Entered Level 15 of the Dungeon
 45426 | D:15     | Found a staircase to the Depths.
 47087 | Swamp:1  | Entered Level 1 of the Swamp
 47087 | Swamp:1  | Noticed Louise
 47092 | Swamp:1  | Killed Louise
 47092 | Swamp:1  | Offered knowledge of Bolt of Fire by Vehumet.
 47210 | Swamp:1  | Learned a level 6 spell: Bolt of Fire
 47368 | Swamp:2  | Noticed a thorn hunter
 48021 | Swamp:1  | Found a sacrificial altar of Ru.
 48874 | Swamp:2  | Killed a thorn hunter
 48874 | Swamp:2  | Reached XP level 16. HP: 132/132 MP: 15/32
 49883 | Swamp:2  | Reached skill level 10 in Fighting
 50107 | Swamp:2  | Reached skill level 1 in Shields
 50238 | Swamp:2  | Noticed a thorn hunter
 50249 | Swamp:2  | Killed a thorn hunter
 50372 | Swamp:2  | Identified a scroll of acquirement
 52149 | Swamp:3  | Found a transporter.
 52595 | Swamp:3  | Found a transporter.
 53185 | Swamp:3  | Offered knowledge of Bolt of Cold by Vehumet.
 53355 | Swamp:4  | Entered Level 4 of the Swamp
 53477 | Swamp:3  | Paralysed by a hornet for 2 turns
 54953 | Swamp:4  | Reached skill level 16 in Summonings
 55540 | Swamp:4  | Reached skill level 5 in Shields
 55805 | Swamp:4  | Noticed a thorn hunter
 55810 | Swamp:4  | Killed a thorn hunter
 56243 | Swamp:4  | Noticed a thorn hunter
 56251 | Swamp:4  | Killed a thorn hunter
 56620 | Swamp:4  | Noticed a thorn hunter
 56623 | Swamp:4  | Killed a thorn hunter
 56623 | Swamp:4  | Offered knowledge of Freezing Cloud by Vehumet.
 56694 | Swamp:3  | Learned a level 6 spell: Freezing Cloud
 56791 | Swamp:4  | Reached skill level 1 in Air Magic
 56864 | Swamp:4  | Reached skill level 1 in Ice Magic
 57947 | Swamp:4  | Got a decaying rune of Zot
 58451 | Orc:2    | Bought a ration for 55 gold pieces
 58451 | Orc:2    | Bought a ration for 55 gold pieces
 58451 | Orc:2    | Bought a ration for 55 gold pieces
 58451 | Orc:2    | Bought a ration for 55 gold pieces
 58451 | Orc:2    | Bought a ration for 55 gold pieces
 58451 | Orc:2    | Bought a ration for 55 gold pieces
 58451 | Orc:2    | Bought a ration for 55 gold pieces
 58578 | D:14     | Bought a ration for 60 gold pieces
 58578 | D:14     | Bought a ration for 60 gold pieces
 58578 | D:14     | Bought a ration for 60 gold pieces
 58578 | D:14     | Bought a ration for 60 gold pieces
 58578 | D:14     | Bought a ration for 60 gold pieces
 58578 | D:14     | Bought a ration for 60 gold pieces
 58578 | D:14     | Bought a ration for 60 gold pieces
 58578 | D:14     | Bought a ration for 60 gold pieces
 58578 | D:14     | Bought a ration for 60 gold pieces
 58578 | D:14     | Bought a ration for 60 gold pieces
 58669 | Orc:2    | Bought a buckler for 130 gold pieces
 58968 | Spider:1 | Entered Level 1 of the Spider Nest
 58994 | Spider:1 | HP: 5/136 [poisoned by a wolf spider]
 58994 | Spider:1 | Slain by a demonic crawler

Vault maps used:
D:1:      dpeg_arrival_houses_and_road, minmay_tetromino_t2
D:3:      minmay_goblin_kobold_castle, nicolae_qazlal_style_of_elements
D:4:      first_ration
D:5:      eino_small_chamber_without_monster, sigmund_army
D:6:      temple_statues
D:7:      old_forge, lemuel_doored_altar, basic_altar, the_bakery,
          uniq_crazy_yiuf_cottage
D:8:      grunt_decor_cap, uniq_pikel
D:10:     minmay_ornate_pinched, lair_entry_dummy, kennysheep_generic_room_7,
          uniq_harold, uniq_joseph
D:12:     orc_david_3, enter_trove_3, basic_altar
D:13:     david_vaults_4
D:14:     fountainhead, serial_shops, nicolae_shop_trees
D:15:     grunt_enter_depths_hoard, grunt_decor_one_mirror
Temple:   kilobyte_greek_temple
Lair:1:   disabler_island
Lair:2:   wad_woods_structure_01
Lair:3:   minmay_swamp_entry_eels, serial_bayou_pond_b,
          nicolae_quartered_pool_super
Lair:4:   nicolae_spider_entry_orb_guardian, grunt_megastairs_5
Lair:5:   minmay_hedge_maze
Lair:6:   grunt_lair_end_beastmaster, minmay_slime_entry_pillars,
          portal_ice_cave_rime, serial_bayou, serial_bayou_shore_a,
          serial_bayou_pond_d, serial_bayou_pond_c, serial_bayou_pond_a,
          st_stairs_11, lemuel_oklob_altar, uniq_snorg, uniq_kirke
Swamp:1:  basic_altar, swamp_pool2, st_swamp_ruins_3, infiniplex_staircase_pool,
          uniq_louise
Swamp:2:  hangedman_swamp_lotus, swamp_pool1
Swamp:3:  gammafunk_its_a_trap, hangedman_swamp_cone, swamp_pool2
Swamp:4:  swamp_basic_johnstein
Orc:2:    pubby_orc_utopia

Skill      XL: |  1  2  3  4  5  6  7  8  9 10 11 12 13 14 15 16 |
---------------+-------------------------------------------------+-----
Conjurations   | 2 3 4 5 7 9 10 12 | 12.4
Fire Magic     | 4 5 6 8 9 11 | 11.6
Spellcasting   | 3 4 5 6 7 8 9 11 12 13 | 13.2
Fighting       | 5 6 7 9 10 | 10.9
Dodging        | 4 5 6 7 8 |  8.0
Summonings     | 4 9 12 15 16 | 16.1
Shields        | 5 |  5.5
Air Magic      | 3 |  3.0
Ice Magic      | 2 |  2.4
Stealth        | |  1.7

Action                   |  1- 3 |  4- 6 |  7- 9 | 10-12 | 13-15 | 16-18 || total
-------------------------+-------+-------+-------+-------+-------+-------++-------
Melee: Unarmed           |    18 |       |       |       |     3 |       ||    21
       Dagger            |     3 |       |       |       |       |       ||     3
       Tailslap          |     4 |     4 |     1 |       |     2 |     3 ||    14
       Spear             |    24 |    32 |    21 |       |       |       ||    77
       Quarterstaff      |       |       |     7 |     7 |     8 |       ||    22
       Mace              |       |       |       |       |     2 |       ||     2
       Staff             |       |       |       |       |       |    43 ||    43
Throw: Stone             |       |     2 |     1 |     3 |     1 |       ||     7
       Throwing net      |       |       |       |       |     2 |       ||     2
 Cast: Flame Tongue      |    91 |   104 |   280 |   475 |   761 |   170 ||  1881
       Conjure Flame     |       |     4 |    20 |    41 |    45 |     2 ||   112
       Sticky Flame      |       |     4 |    16 |    87 |   177 |    36 ||   320
       Fireball          |       |       |     5 |    27 |   254 |    84 ||   370
       Summon Hydra      |       |       |       |       |    25 |    25 ||    50
       Orb of Destructio |       |       |       |       |    19 |    48 ||    67
       Summon Ice Beast  |       |       |       |       |     6 |       ||     6
       Bolt of Fire      |       |       |       |       |     4 |       ||     4
       Iskenderun's Myst |       |       |       |       |     2 |       ||     2
 Abil: Breathe Lightning |       |       |    13 |     9 |    12 |     2 ||    36
       Fly               |       |       |       |       |     2 |       ||     2
       Stop Flying       |       |       |       |       |     1 |       ||     1
Evoke: Wand              |       |       |     3 |     8 |     5 |       ||    16
  Use: Scroll            |     6 |       |    11 |     8 |     9 |     8 ||    42
       Potion            |       |       |       |     4 |     2 |     4 ||    10
  Eat: Chunk             |     5 |     1 |    27 |    34 |    63 |    10 ||   140
       Ration            |       |     2 |     1 |     5 |    14 |    14 ||    36
Armor: Skin              |    62 |    31 |    38 |    78 |   103 |    71 ||   383
Dodge: Dodged            |   107 |    59 |    89 |   155 |   294 |   153 ||   857
Block: Other             |     1 |    12 |    14 |    24 |    60 |    16 ||   127
       Reflection        |       |     6 |     3 |     1 |     9 |       ||    19
       Buckler           |       |       |       |       |       |     2 ||     2

Table legend:
 A = Spawn XP
 B = Non-spawn XP
 C = Spawn XP percentage of total XP
 D = Spawn monster count
 E = Non-spawn monster count
 F = Spawn count percentage of total count
 G = Total turns spent on level
                    A         B        C        D         E        F      G
               +---------+---------+-------+---------+---------+-------+---------
         Total |       0 |  208513 |   0.0 |       0 |    1043 |   0.0 | 58994
               +---------+---------+-------+---------+---------+-------+---------
           D:1 |       0 |      37 |   0.0 |       0 |      18 |   0.0 |  1083
           D:2 |       0 |     190 |   0.0 |       0 |      25 |   0.0 |  1816
           D:3 |       0 |     713 |   0.0 |       0 |      67 |   0.0 |  2529
           D:4 |       0 |     211 |   0.0 |       0 |      19 |   0.0 |  1037
           D:5 |       0 |     865 |   0.0 |       0 |      22 |   0.0 |  1182
           D:6 |       0 |     659 |   0.0 |       0 |      19 |   0.0 |  1071
           D:7 |       0 |    1844 |   0.0 |       0 |      41 |   0.0 |  2164
           D:8 |       0 |    2313 |   0.0 |       0 |      33 |   0.0 |  1505
           D:9 |       0 |    2583 |   0.0 |       0 |      21 |   0.0 |  1215
          D:10 |       0 |    5964 |   0.0 |       0 |      40 |   0.0 |  2917
          D:11 |       0 |    3785 |   0.0 |       0 |      33 |   0.0 |  1808
          D:12 |       0 |    5726 |   0.0 |       0 |      47 |   0.0 |  2701
          D:13 |       0 |   10106 |   0.0 |       0 |      46 |   0.0 |  1572
          D:14 |       0 |    9823 |   0.0 |       0 |      34 |   0.0 |  3263
          D:15 |       0 |   25572 |   0.0 |       0 |      66 |   0.0 |  2113
        Lair:1 |       0 |    3263 |   0.0 |       0 |      17 |   0.0 |  1773
        Lair:2 |       0 |    4699 |   0.0 |       0 |      18 |   0.0 |  1714
        Lair:3 |       0 |    1550 |   0.0 |       0 |      12 |   0.0 |  1372
        Lair:4 |       0 |    5958 |   0.0 |       0 |      16 |   0.0 |  2460
        Lair:5 |       0 |    8351 |   0.0 |       0 |      32 |   0.0 |  2675
        Lair:6 |       0 |   20938 |   0.0 |       0 |      62 |   0.0 |  3887
       Swamp:1 |       0 |   13115 |   0.0 |       0 |      29 |   0.0 |  2585
       Swamp:2 |       0 |   14949 |   0.0 |       0 |      40 |   0.0 |  2107
       Swamp:3 |       0 |    7904 |   0.0 |       0 |      36 |   0.0 |  3266
       Swamp:4 |       0 |   31394 |   0.0 |       0 |      70 |   0.0 |  3008
      Spider:1 |       0 |    2518 |   0.0 |       0 |       7 |   0.0 |     5
         Orc:1 |       0 |    5832 |   0.0 |       0 |      39 |   0.0 |  1965
         Orc:2 |       0 |   17651 |   0.0 |       0 |     134 |   0.0 |  4057
               +---------+---------+-------+---------+---------+-------+---------
